 Dungeon Sprint DCSS version 0.31-a0-1278-g11c5b68f87 (webtiles) character file.

Game seed: 9992050024468116713

93 bmb222 the Trooper (level 4, -10/39 HPs)
             Began as a Demonspawn Fighter on Dec 17, 2023.
             Killed from afar by an oklob sapling priest (31 damage)
             ... with a splash of acid
             ... in the Dungeon (Sprint IV: "Fedhas' Mad Dash").
             The game lasted 00:00:44 (353 turns).

bmb222 the Trooper (Demonspawn Fighter)              Turns: 353, Time: 00:00:44

Health: -10/39     AC:  3    Str: 18    XL:     4   Next: 36%
Magic:  4/4        EV:  9    Int:  9    God:
Gold:   48         SH:  5    Dex: 12    Spells: 3/3 levels left

rFire   . . .        a - +0 trident
rCold   . . .        c - +0 buckler
rNeg    . . .        b - +0 scale mail
rPois   .            (helmet restricted)
rElec   .            (no cloak)
rCorr   .            (no gloves)
SInv    .            (no boots)
Will    .....        i - amulet of invisibility {+Inv} Stlth
                     (no ring)
HPRegen 0.26/turn    (no ring)
MPRegen 0.09/turn

%: no teleportation
@: corroded, very slightly contaminated
A: antennae 1, demonic magic 1
a: Evoke Invisibility


You were in the Dungeon.
You visited 1 branch You collected 48 gold pieces.

Inventory:

Hand Weapons
 a - a +0 trident (weapon)
Armour
 b - a +0 scale mail (worn)
 c - a +0 buckler (worn)
Jewellery
 i - the amulet of invisibility (around neck) {+Inv}
   (You found it in the Dungeon)

   [amulet of nothing]

   +Inv:      It lets you turn invisible.
Scrolls
 j - 2 scrolls of blinking
Potions
 d - a potion of might
 e - a potion of curing
 g - a potion of haste
 h - 2 potions of magic


   Skills:
 + Level 5.5 Fighting
 + Level 3.6 Polearms
 + Level 5.0 Armour
 + Level 0.5 Dodging
 + Level 4.6 Shields


You had 3 spell levels left.
You didn't know any spells.
Your spell library was empty.

Dungeon Overview and Level Annotations

Branches:
Dungeon (1/1)

Altars:
Cheibriados
Dithmenos
Gozag
Hepliaklqana
Kikubaaqudgha
Makhleb
Nemelex Xobeh
Okawaru
Qazlal
Ru
Sif Muna
Trog
Uskayaw
Vehumet
Wu Jian
Xom
Yredelemnul
Jiyva
Lugonu

Annotations:
D exclusion: 2 oklob saplings


Innate Abilities, Weirdness & Mutations

You have a pair of small antennae on your head.
Spells you cast may paralyse adjacent enemies.


Message History

You flicker for a moment.
You catch the helpless oklob sapling priest completely off-guard!
You hit the oklob sapling priest but do no damage.
The oklob sapling priest is moderately damaged.
You hit the oklob sapling priest but do no damage.
The oklob sapling priest is moderately damaged.
The oklob sapling priest casts a cantrip, but nothing happens.
You hit the oklob sapling priest.
The oklob sapling priest is heavily damaged.
The oklob sapling priest spits acid at you.
You block the splash of acid.
You hit the oklob sapling priest but do no damage.
The oklob sapling priest is heavily damaged.
You catch the helpless oklob sapling priest completely off-guard!
You hit the oklob sapling priest.
The oklob sapling priest is severely damaged.
You flicker back into view.
The oklob sapling priest spits acid at you.
The splash of acid hits you! The acid corrodes you!
You hit the oklob sapling priest but do no damage.
The oklob sapling priest is severely damaged.
The oklob sapling priest spits acid at you.
The splash of acid hits you! The acid corrodes you!
You hit the oklob sapling priest but do no damage.
The oklob sapling priest is severely damaged.
You hit the oklob sapling priest but do no damage.
The oklob sapling priest is severely damaged.
The oklob sapling priest spits acid at you.
The splash of acid hits you!!
* * * LOW HITPOINT WARNING * * *
You hit the oklob sapling priest but do no damage.
The oklob sapling priest is severely damaged.
The oklob sapling priest looks braver for a moment.
You feel much better.
You hit the oklob sapling priest but do no damage.
The oklob sapling priest is severely damaged.
The oklob sapling priest spits acid at you.
The splash of acid hits you!!
Ouch! That really hurt!
You die...

########################
....#.....#.⌠._._._._.⌠.
....'.#)(.'.._._@_._._..
....#.#...#..._._P_._...
########+##.._._._._._..
...#._._._._._.⌠.
#$P$############## #####


You could see an oklob sapling priest.

Vanquished Creatures
  A scorpion (D)
  An oklob sapling (D)
  A river rat (D)
  A rat (D)
4 creatures vanquished.

Notes
Turn   | Place    | Note
-------+----------+-------------------------------------------
     0 | D        | bmb222 the Demonspawn Fighter began the quest for the Orb.
     0 | D        | Reached XP level 1. HP: 18/18 MP: 1/1
    12 | D        | Gained mutation: You have a pair of small antennae on your
                  | head. [demonic ancestry]
    12 | D        | Reached XP level 2. HP: 16/25 MP: 2/2
    47 | D        | Noticed an oklob sapling
   231 | D        | Killed an oklob sapling
   232 | D        | Gained mutation: Spells you cast may paralyse adjacent
                  | enemies. [demonic ancestry]
   232 | D        | Reached XP level 3. HP: 31/31 MP: 3/3
   233 | D        | Noticed a scorpion
   233 | D        | Found the amulet of invisibility {+Inv}
   242 | D        | Killed a scorpion
   243 | D        | Reached skill level 5 in Fighting
   243 | D        | Reached skill level 5 in Armour
   243 | D        | Reached XP level 4. HP: 23/39 MP: 4/4
   331 | D        | Found an opulent altar of Gozag.
   331 | D        | Found a hazy altar of Hepliaklqana.
   331 | D        | Found a burning altar of Makhleb.
   331 | D        | Found a sparkling altar of Nemelex Xobeh.
   331 | D        | Found a snail-covered altar of Cheibriados.
   331 | D        | Found a sacrificial altar of Ru.
   331 | D        | Found a shimmering blue altar of Sif Muna.
   331 | D        | Found a shimmering altar of Xom.
   331 | D        | Found a basalt altar of Yredelemnul.
   332 | D        | Found a viscous altar of Jiyva.
   332 | D        | Found a bloodstained altar of Trog.
   332 | D        | Found an ornate altar of the Wu Jian Council.
   333 | D        | Found an iron altar of Okawaru.
   333 | D        | Found a shadowy altar of Dithmenos.
   334 | D        | Found an ancient bone altar of Kikubaaqudgha.
   334 | D        | Found a hide-covered altar of Uskayaw.
   335 | D        | Found a stormy altar of Qazlal.
   336 | D        | Found a corrupted altar of Lugonu.
   336 | D        | Found a radiant altar of Vehumet.
   350 | D        | HP: 1/39 [oklob sapling priest/splash of acid (18)]
   353 | D        | Killed from afar by an oklob sapling priest

Illustrated notes

Levels and vault maps discovered:
D:        dungeon_sprint_fedhas [sprint_temple]

Skill      XL: |  1  2  3 |
---------------+----------+-----
Polearms       | 2 3 |  3.6
Armour         | 3 4 5 |  5.0
Shields        | 3 4 |  4.6
Fighting       | 4 5 |  5.5
Dodging        | |  0.5

Action                     |  1- 3 |  4- 6 || total
---------------------------+-------+-------++-------
  Melee: Trident           |    23 |    14 ||    37
Ability: Evoke Invisibilit |       |     1 ||     1
    Use: Potion            |     1 |     1 ||     2
   Stab: Invisible         |       |     4 ||     4
 Armour: Scale mail        |    12 |     4 ||    16
  Dodge: Dodged            |     8 |       ||     8
  Block: Buckler           |     4 |     1 ||     5

Table legend: (Time is in decaauts)
 A = Elapsed time spent in this place.
 B = Non-inter-level travel time spent in this place.
 C = Inter-level travel time spent in this place.
 D = Time resting spent in this place.
 E = Time spent auto-exploring this place.
 F = Levels seen in this place.
 G = Mean time per level.
                   A        B        C        D        E       F      G
               +--------+--------+--------+--------+--------+-----+--------+
         Total |    368 |    368 |      0 |    268 |      3 |   1 |  368.0 |
       Dungeon |    368 |    368 |      0 |    268 |      3 |   1 |  368.0 |
               +--------+--------+--------+--------+--------+-----+--------+

Top non-repeatable levels by time:
       D: 368 daAuts
